AoeStats
← [CL] Chinchilla ®

Coastal Forest

513521167Analyzed
4v4 RM · 6d ago on Oct 14, 2026· 47m 47s· 8 players
Game mode
Random Map
Map size
Large (8 player)
Population
200
Speed
Normal
Resources
Standard
Victory
Conquest
Starting age
Dark Age
Ending age
Imperial Age
RankedLock teamsTeams togetherTeam positionsShared explorationLock speedFull tech treeHidden civsTurbo modeCheats
Victory
Defeat
🇨🇱 Ethiopians · Chile
1222
+12
🇨🇱 Vietnamese · Chile
1174
+14
🇨🇱 Franks · Chile
1115
+17
🇦🇷 Mongols · Argentina
1095
+17
vs
🇨🇱 Persians · Chile
1186
-16
🇲🇽 Saracens · Mexico
1155
-16
🇵🇪 Romans · Peru
1119
-15
🇨🇱 Mongols · Chile
1074
-13
dinbsty ascenci
5:48 Loom
11:53 Feudal Age
17:57 Castle Age
17:05 Double-Bit Axe
18:59 Bow Saw
19:26 Wheelbarrow
18:34 Horse Collar
18:46 Fishing Lines
20:09 Medium Warships
20:52 Demolition Ship
22:26 Hand Cart
23:11 Gillnets
26:14 Heavy Plow
30:46 Scale Barding Armor
34:41 Imperial Age
32:26 Forging
33:05 Chain Barding Armor
34:51 Iron Casting
34:45 Fortified Wall
36:01 Plate Barding Armor
34:48 Elite Mameluke
35:50 Conscription
36:51 Two-Man Saw
37:38 Blast Furnace
36:55 Gold Mining
36:56 Stone Mining
38:14 Fletching
39:27 Chemistry
38:23 Murder Holes
38:49 Ballistics
38:41 Bloodlines
38:32 Husbandry
40:41 Bodkin Arrow
41:25 Hoardings
41:45 Gold Shaft Mining
41:15 Light Cavalry
42:18 Bracer
42:21 Caravan
43:53 Hussar
[CL] Chinchilla ®
5:17 Loom
10:54 Feudal Age
16:46 Castle Age
16:51 Double-Bit Axe
16:48 Horse Collar
18:30 Heavy Plow
18:44 Bow Saw
24:00 Wheelbarrow
27:08 Gold Mining
30:37 Imperial Age
28:57 Stone Mining
29:36 Hand Cart
30:09 Scale Barding Armor
31:09 Town Watch
31:53 Chain Barding Armor
32:18 Bloodlines
32:09 Husbandry
32:58 Conscription
33:36 Plate Barding Armor
33:12 Forging
34:29 Elite War Elephant
36:13 Iron Casting
37:48 Fletching
39:03 Blast Furnace
37:41 Light Cavalry
41:11 Devotion
41:42 Masonry
42:58 Caravan
43:10 Guilds
44:30 Fletching
lok0_del_park3
10:31 Feudal Age
11:11 Double-Bit Axe
13:35 Loom
18:39 Castle Age
16:48 Gold Mining
16:49 Horse Collar
18:06 Stone Mining
18:15 Fletching
20:13 Bow Saw
21:27 Bodkin Arrow
23:03 Padded Archer Armor
24:32 Bloodlines
25:47 Wheelbarrow
26:40 Gold Shaft Mining
26:40 Ballistics
28:55 Leather Archer Armor
29:11 Bodkin Arrow
33:20 Imperial Age
32:35 Husbandry
39:57 Bracer
39:24 Light Cavalry
40:05 Town Watch
40:38 Hand Cart
40:28 Heavy Plow
41:36 Conscription
41:06 Hussar
45:23 Capped Ram
Pepe el Pollo
7:29 Loom
10:25 Feudal Age
10:31 Man-at-Arms
13:27 Scale Mail Armor
18:24 Double-Bit Axe
19:11 Horse Collar
23:26 Castle Age
S e n r i z
10:32 Feudal Age
14:20 Loom
16:37 Castle Age
14:48 Double-Bit Axe
15:31 Horse Collar
19:08 Bow Saw
22:24 Heavy Plow
26:11 Wheelbarrow
25:32 Stone Mining
29:54 Fletching
30:36 Ballistics
30:42 Gold Mining
30:31 Elite Skirmisher
31:16 Thumb Ring
32:06 Stone Shaft Mining
31:57 Hand Cart
31:28 Loom
31:54 Thumb Ring
34:44 Imperial Age
32:11 Pikeman
32:51 Squires
32:50 Bodkin Arrow
33:07 Forging
34:17 Scale Mail Armor
34:47 Imperial Skirmisher
35:01 Halberdier
36:06 Bracer
37:08 Two-Man Saw
36:42 Crop Rotation
37:18 Chemistry
39:42 Iron Casting
39:22 Chain Mail Armor
39:08 Padded Archer Armor
39:36 Block Printing
41:21 Crossbowman
43:34 Arbalester
46:56 Sanctity
SebaPlayer
7:26 Loom
10:58 Feudal Age
17:59 Castle Age
22:40 Wheelbarrow
32:26 Imperial Age
31:08 Hand Cart
31:34 Scale Barding Armor
32:43 Chain Barding Armor
34:04 Forging
34:30 Plate Barding Armor
33:19 Cavalier
34:24 Conscription
33:59 Gold Mining
34:00 Stone Mining
34:09 Pikeman
35:46 Double-Bit Axe
37:49 Chemistry
37:29 Iron Casting
37:27 Halberdier
38:09 Scale Mail Armor
38:14 Paladin
41:40 Blast Furnace
45:59 Chain Mail Armor
Huntarof
7:18 Loom
9:46 Feudal Age
12:06 Fletching
19:35 Padded Archer Armor
21:39 Castle Age
19:36 Gold Mining
19:35 Horse Collar
21:53 Crossbowman
22:31 Bodkin Arrow
23:52 Thumb Ring
26:55 Double-Bit Axe
31:33 Wheelbarrow
31:47 Town Watch
32:45 Ballistics
36:40 Imperial Age
34:43 Gold Mining
37:21 Bow Saw
37:25 Bracer
37:33 Town Watch
37:49 Arbalester
38:52 Leather Archer Armor
40:43 Chemistry
66 | grone
10:19 Feudal Age
10:22 Loom
14:15 Castle Age
12:15 Double-Bit Axe
15:19 Bow Saw
19:43 Horse Collar
21:33 Fletching
22:36 Medium Warships
23:48 Wheelbarrow
23:51 Stone Mining
24:19 Gold Mining
27:18 Gold Shaft Mining
27:21 Stone Shaft Mining
26:48 Heavy Plow
30:36 Imperial Age
28:23 Hand Cart
27:55 Town Watch
28:48 Bodkin Arrow
28:54 Padded Archer Armor
29:57 Town Patrol
31:22 Ballistics
32:18 Conscription
32:54 Bracer
33:57 Chemistry
33:05 Siege Engineers
34:21 Elite Mangudai
34:39 Onager
37:26 Light Cavalry
38:17 Bloodlines
38:07 Husbandry
39:01 Hussar
39:07 Hussar
40:01 Scale Barding Armor
40:06 Forging
40:13 Leather Archer Armor
42:07 Chain Barding Armor
42:23 Iron Casting
Connection lost

Rejoining the realm…

Still unreachable

The connection could not be restored.

Session expired

The server has moved on; the page needs a fresh start.